Map: Abyssal Reef LE

Players

Railgan - Winner!

  • Race: Zerg Zerg
  • League: Master
  • Spawn Location: 11:00

NonY

  • Race: Protoss Protoss
  • League: Master
  • Spawn Location: 5:00

VOD

Have the link to the VOD?

Description

Time

  • Played on: March 1, 2017, 3:45 p.m.
  • Length: 11:54
Show
View Real Time Build Order
Export as new Build Order

Railgan Zerg - Winner!

Build Orders: Hatch First 

Get SALT Encoding   

  12  0:01  Drone  
  13  0:12  Overlord  
  13  0:17  Drone  
  14  0:31  Drone x2  
  16  0:36  Drone  
  17  0:53  Hatchery  
  17  0:55  Drone  
  17  1:00  Drone  
  18  1:09  Extractor  
  17  1:15  Spawning Pool  
  16  1:18  Drone  
  16  1:20  Drone  
  18  1:28  Drone  
  19  1:38  Overlord  
  19  1:58  Drone  
  20  2:02  Queen  
  20  2:03  Zergling x2  
  20  2:05  Queen  
  20  2:06  Drone  
  26  2:11  Drone  
  26  2:12  Metabolic Boost  
  27  2:15  Drone  
  27  2:22  Evolution Chamber  
  27  2:28  Drone x2  
  29  2:33  Overlord  
  29  2:39  Queen  
  31  2:46  Queen  
  31  2:49  Drone  
  34  2:52  Drone  
  34  2:56  Zerg Melee Weapons Level 1  
  35  3:05  Drone x2  
  36  3:10  Overlord  
  36  3:15  Zergling x6  
  36  3:16  Zergling x2  
  40  3:22  Drone x2  
  40  3:26  Drone x2  
  44  3:32  Drone x2  
  46  3:35  Drone  
  46  3:43  Drone  
  46  3:44  Lair  
  47  3:48  Zergling x2  
  47  3:49  Overlord, Zergling x2  
  47  3:52  Extractor  
  47  3:53  Extractor  
  47  3:59  Zergling x6  
  47  4:00  Drone x2  
  52  4:06  Roach Warren  
  49  4:10  Drone  
  49  4:11  Drone  
  49  4:15  Drone  
  52  4:22  Overlord  
  51  4:27  Drone x2, Queen  
  51  4:28  Drone  
  56  4:33  Zergling x6  
  56  4:35  Overlord  
  59  4:46  Roach x2  
  59  4:47  Overseer, Roach  
  59  4:50  Roach  
  67  4:53  Overlord  
  67  5:04  Roach  
  67  5:05  Roach x2  
  67  5:06  Zerg Melee Weapons Level 2  
  73  5:08  Drone x3  
  73  5:11  Extractor  
  73  5:12  Drone  
  76  5:15  Overlord  
  76  5:25  Roach  
  76  5:26  Roach x2  
  81  5:31  Ravager x2  
  81  5:34  Overlord  
  83  5:39  Overlord, Hatchery  
  83  5:42  Drone  
  83  5:43  Roach  
  83  5:48  Roach x2  
  84  5:58  Roach x3  
  84  6:00  Roach  
  88  6:08  Roach x4  
  94  6:13  Roach  
  94  6:15  Roach  
  94  6:18  Roach x2  
  100  6:23  Roach  
  92  6:26  Roach  
  92  6:30  Roach  
  87  6:37  Drone  
  85  6:41  Drone  
  81  6:47  Drone  
  81  6:52  Drone  
  80  7:00  Drone  
  81  7:01  Glial Reconstitution  
  81  7:02  Drone x2  
  81  7:03  Drone x2  
  81  7:05  Zergling x6  
  81  7:06  Queen  
  81  7:07  Zergling x4  
  92  7:09  Overlord  
  92  7:11  Ravager  
  92  7:13  Ravager, Drone  
  92  7:15  Drone  
  96  7:20  Drone  
  97  7:33  Drone x4  
  97  7:36  Zerg Ground Armor Level 1  
  100  7:40  Drone  
  100  7:41  Drone, Ravager x3  
  100  7:42  Ravager x2, Drone  
  100  7:43  Drone x3  
  110  7:46  Drone x2  
  110  7:49  Zergling x2  
  113  7:52  Zergling x2  
  113  7:56  Baneling Nest  
  113  8:00  Zergling x8  
  113  8:01  Zergling x2  
  113  8:04  Overlord  
  118  8:06  Overlord  
  118  8:07  Zergling x2  
  118  8:10  Zergling x2  
  120  8:17  Ravager x2  
  121  8:22  Zergling x2  
  120  8:30  Zergling x2  
  120  8:31  Zergling x12  
  121  8:34  Zergling x2  
  121  8:35  Zergling x2  
  121  8:36  Zergling x4  
  121  8:40  Zergling x2  
  121  8:41  Zergling x4  
  123  8:45  Roach x2  
  112  8:48  Centrifical Hooks  
  112  8:50  Hydralisk Den  
  112  8:55  Zergling x2  
  101  8:59  Zergling x2  
  101  9:02  Zergling x2  
  103  9:03  Drone x3  
  102  9:11  Zergling x2  
  97  9:17  Zergling x2  
  97  9:20  Hatchery, Zergling x2  
  97  9:23  Drone  
  93  9:24  Extractor  
  93  9:25  Extractor  
  93  9:26  Muscular Augments  
  93  9:27  Roach x2  
  93  9:28  Ravager  
  93  9:29  Ravager  
  93  9:30  Zergling x12  
  103  9:34  Hydralisk x3  
  103  9:36  Overlord  
  109  9:43  Hydralisk  
  109  9:44  Hydralisk  
  113  9:48  Drone  
  113  9:49  Drone  
  113  9:51  Hydralisk  
  117  9:57  Baneling  
  117  9:58  Baneling x10  
  117  10:00  Hydralisk, Drone  
  117  10:02  Hatchery  
  117  10:03  Zergling x6  
  117  10:04  Zergling x2  
  123  10:14  Hydralisk x2  
  118  10:16  Zergling x10  
  118  10:20  Baneling x7  
  124  10:32  Zergling x8  
  124  10:33  Baneling x8  
  126  10:37  Overlord  
  126  10:41  Zergling x4  
  125  10:55  Zergling x2  
  109  10:59  Hydralisk x8  
  109  11:01  Zergling x2  
  109  11:02  Zergling x2  
  122  11:07  Hydralisk  
  122  11:08  Hydralisk  
  122  11:10  Zergling x2  
  122  11:12  Zergling x2  
  122  11:14  Zergling x2  
  120  11:19  Hydralisk  
  120  11:25  Zergling x2  
  120  11:29  Zergling x2  
Show
View Real Time Build Order
Export as new Build Order

NonY Protoss 

Build Orders: 1 Gate Expand 

Get SALT Encoding   

  12  0:01  Probe (Chrono Boost)  
  13  0:13  Probe (Chrono Boost)  
  14  0:18  Pylon  
  14  0:23  Probe (Chrono Boost)  
  15  0:29  Assimilator  
  15  0:36  Probe (Chrono Boost)  
  16  0:43  Gateway  
  16  0:47  Probe (Chrono Boost)  
  17  0:57  Probe (Chrono Boost)  
  18  1:08  Probe (Chrono Boost)  
  19  1:20  Nexus  
  19  1:23  Probe (Chrono Boost)  
  20  1:32  Cybernetics Core  
  20  1:36  Probe (Chrono Boost)  
  21  1:41  Assimilator  
  21  1:46  Probe (Chrono Boost)  
  22  1:55  Pylon  
  22  1:58  Probe (Chrono Boost)  
  23  2:07  Warp Gate  
  23  2:13  Adept, Probe (Chrono Boost)  
  26  2:23  Twilight Council  
  26  2:24  Probe (Chrono Boost)  
  27  2:32  Probe (Chrono Boost)  
  27  2:35  Probe (Chrono Boost)  
  29  2:40  Adept  
  29  2:42  Probe (Chrono Boost)  
  32  2:45  Probe (Chrono Boost)  
  33  2:53  Probe (Chrono Boost)  
  33  2:55  Pylon  
  33  2:56  Probe (Chrono Boost)  
  35  3:02  Resonating Glaives  
  35  3:03  Probe (Chrono Boost)  
  36  3:06  Probe (Chrono Boost)  
  37  3:14  Gateway, Probe (Chrono Boost)  
  37  3:17  Gateway, Probe (Chrono Boost)  
  39  3:24  Probe (Chrono Boost)  
  40  3:27  Probe (Chrono Boost)  
  40  3:28  Adept  
  40  3:32  Pylon  
  43  3:35  Probe (Chrono Boost)  
  46  3:42  Mothership Core (Chrono Boost)  
  46  3:44  Gateway  
  46  3:57  Probe (Chrono Boost)  
  46  4:01  Probe (Chrono Boost)  
  46  4:02  Pylon  
  48  4:03  Assimilator  
  48  4:06  Assimilator  
  48  4:14  Adept  
  48  4:15  Adept  
  52  4:17  Adept  
  52  4:18  Pylon  
  52  4:19  Pylon  
  54  4:32  Gateway  
  54  4:35  Gateway, Sentry  
  54  4:36  Gateway  
  54  4:37  Sentry  
  54  4:38  Gateway  
  58  4:40  Sentry  
  58  4:43  Probe x2 (Chrono Boost)  
  58  4:44  Sentry  
  64  4:56  Pylon  
  64  5:00  Adept  
  64  5:02  Adept  
  64  5:05  Adept  
  70  5:07  Pylon  
  70  5:10  Adept  
  70  5:13  Probe x2 (Chrono Boost)  
  74  5:21  Adept  
  74  5:23  Sentry  
  78  5:39  Adept x5  
  78  5:40  Pylon  
  88  5:59  Adept x6  
  76  6:25  Adept x7  
  50  6:49  Pylon  
  50  6:53  Stalker x2  
  50  6:54  Stalker x4  
  57  6:56  Sentry  
  59  7:05  Robotics Facility  
  59  7:09  Forge  
  59  7:11  Probe x2 (Chrono Boost)  
  59  7:14  Sentry  
  63  7:17  Sentry x3  
  63  7:18  Sentry  
  63  7:22  Probe (Chrono Boost)  
  72  7:30  Protoss Ground Weapons Level 1  
  72  7:34  Nexus  
  72  7:38  Probe x2 (Chrono Boost)  
  74  7:49  Probe (Chrono Boost)  
  74  7:50  Probe (Chrono Boost)  
  76  7:51  Observer  
  76  7:53  Pylon  
  77  7:59  Sentry  
  77  8:00  Sentry  
  77  8:01  Probe (Chrono Boost)  
  77  8:03  Probe (Chrono Boost)  
  77  8:04  Pylon  
  84  8:13  Probe (Chrono Boost)  
  84  8:14  Immortal  
  84  8:15  Probe (Chrono Boost)  
  89  8:20  Pylon  
  89  8:25  Probe (Chrono Boost)  
  89  8:27  Probe (Chrono Boost)  
  89  8:28  Stalker x2  
  93  8:35  Sentry, Stalker  
  93  8:36  Sentry  
  91  8:43  Stalker x2  
  79  9:01  Stalker  
  79  9:02  Stalker x4  
  79  9:12  Adept x3  
  79  9:15  Immortal  
  77  9:19  Protoss Ground Weapons Level 2  
  79  9:25  Adept x2  
  79  9:26  Adept x2  
  87  9:45  Assimilator  
  87  9:47  Assimilator  
  87  9:57  Adept x2  
  87  9:58  Adept x2  
  99  10:00  Adept x4  
  83  10:18  Adept  
  83  10:19  Adept x3  
  81  10:23  Adept x3  
  81  10:25  Adept  
  81  10:28  Immortal  
  93  10:41  Adept x2  
  93  10:42  Adept x2  
  75  10:57  Adept x4  
  75  11:00  Adept x2  
  61  11:12  Adept x4  
  57  11:27  Adept  
  57  11:28  Adept x3  
  49  11:41  Adept  
  49  11:42  Adept x3  
Tags
 
Add a new tag
Caveats
  • Supply blocks, unpowered buildings, or Contaminate may cause inaccurate times.
  • Supply counts are checked every 10 seconds.